 Dungeon Crawl Stone Soup version 0.29.1-13-g9f3cf754e1 (webtiles) character file.

Game seed: 14305813593531242933

24158 concernfroge the Transmogrifier (level 12, -2/45 HPs)
             Began as a Felid Transmuter on Jan 29, 2023.
             Was a High Priest of Okawaru.
             Slain by a death yak (15 damage)
             ... in the Arena.
             The game lasted 01:28:35 (19621 turns).

concernfroge the Transmogrifier (Felid Transmuter) Turns: 19621, Time: 01:28:36

Health: -2/45      AC: 11    Str: 12    XL:     12   Next: 78%
Magic:  13/20      EV: 32    Int: 15    God:    Okawaru [*****.]
Gold:   683        SH:  0    Dex: 21    Spells: 4/19 levels left
                                        Lives:  0   Deaths: 3

rFire   x x .      SeeInvis +     - Unarmed
rCold   x . .      Faith    .   (shield unavailable)
rNeg    + . .      Spirit   .   (body armour unavailable)
rPois   +          Reflect  .   (helmet unavailable)
rElec   .          Harm     .   (cloak unavailable)
rCorr   .          Rampage  .   (gloves unavailable)
Will    +....                   (boots unavailable)
Stlth   +++++++...              f - amulet of Elemental Vulnerability {rPois rF-- rC-- AC+8}
HPRegen 0.15/turn               u - +6 ring of strength
MPRegen 0.17/turn               z - ring of positive energy

@: heroic, finesse-ful, wereblooded, hasted, duelling, very quick
A: very small, claws 1, fangs 3, see invisible, speed 1, shaggy fur 3, stealthy
paws, no weapons or thrown items, no armour, multi-lived
a: Renounce Religion, Heroism, Finesse, Duel


You were in the Arena.
You worshipped Okawaru.
Okawaru was extremely pleased with you.
You visited 3 branches of the dungeon, and saw 16 of its levels.
You also visited: Gauntlet.

You collected 1019 gold pieces.
You spent 336 gold pieces at shops.

Inventory:

Jewellery
 a - a +6 ring of intelligence
 f - the amulet of Elemental Vulnerability (around neck) {rPois rF-- rC-- AC+8}
   (You found it on level 2 of the Dungeon)

   [amulet of nothing]

   AC:        It affects your AC (+8).
   rF:        It makes you very vulnerable to fire.
   rC:        It makes you very vulnerable to cold.
   rPois:     It protects you from poison.
 l - a ring of ice
 u - a +6 ring of strength (left paw)
 z - a ring of positive energy (right paw)
 C - a ring of poison resistance
 I - a ring of protection from cold
 J - the ring of Beogh's Indignation {rPois rCorr Dex+3 SInv Stlth-}
   (You found it in a Gauntlet)

   [ring of resist corrosion]

   Dex:       It affects your dexterity (+3).
   rPois:     It protects you from poison.
   SInv:      It lets you see invisible.
   rCorr:     It protects you from acid and corrosion.
   Stlth:     It makes you less stealthy.
Wands
 m - a wand of flame (48)
 w - a wand of digging (7)
 y - a wand of mindburst (3)
Scrolls
 c - a scroll of silence
 d - a scroll of blinking
 e - 5 scrolls of magic mapping
 g - 2 scrolls of torment
 j - 6 scrolls of teleportation
 n - 4 scrolls of fog
 o - 2 scrolls of immolation
 r - a scroll of noise
 t - 3 scrolls of fear
 A - a scroll of identify
 D - a scroll of amnesia
 E - a scroll of poison
 H - 3 scrolls of vulnerability
Potions
 b - a potion of flight
 h - 3 potions of cancellation
 i - a potion of haste
 p - 2 potions of attraction
 q - 10 potions of ambrosia
 s - 2 potions of mutation
 x - 2 potions of lignification
 B - a potion of brilliance
 F - a potion of berserk rage {unknown}
Miscellaneous
 v - a tin of tremorstones (2/2)


   Skills:
 - Level 1.0(6.0) Fighting
 + Level 11.6(16.6) Dodging
 + Level 11.8(16.8) Stealth
 + Level 10.9(15.9) Unarmed Combat
 - Level 4.0 Spellcasting
 - Level 12.0 Transmutations
 - Level 3.5 Ice Magic
 - Level 5.2 Poison Magic
 + Level 10.5 Invocations


You had 4 spell levels left.
You knew the following spells:

 Your Spells              Type           Power      Damage    Failure   Level
a - Beastly Appendage     Tmut           78%        N/A       1%          1
b - Wereblood             Tmut           39%        N/A       1%          2
c - Spider Form           Tmut/Pois      28%        N/A       1%          3
d - Ice Form              Ice/Tmut       26%        N/A       8%          4
e - Blade Hands           Tmut           19%        N/A       3%          5

Your spell library contained the following spells:

 Spells                   Type           Power      Damage    Failure   Level
 Apportation              Tloc           6%         N/A       19%         1
 Necrotise                Necr           12%        1d4       19%         1
 Fulminant Prism          Conj/Hex       1%         3d6       87%         4
 Iskenderun's Mystic Bla  Conj/Tloc      3%         2d3       87%         4
 Lee's Rapid Deconstruct  Erth           1%         3d5*      99%         5
 Summon Small Mammal      Summ           Unusable   N/A       N/A         1
 Portal Projectile        Hex/Tloc       Unusable   N/A       N/A         3
 Tukima's Dance           Hex            Unusable   N/A       N/A         3

Dungeon Overview and Level Annotations

Branches:
Dungeon (11/15)            Temple (1/1) D:5            Lair (4/5) D:8
 Shoals (0/4) Lair:2        Snake (0/4) Lair:2          Orc (0/2) D:10
Gauntlet (visited)
  Slime: Lair:4-5

Altars:
Ashenzari
Cheibriados
Dithmenos
Elyvilon
Fedhas
Gozag
Hepliaklqana
Kikubaaqudgha
Makhleb
Nemelex Xobeh
Okawaru
Qazlal
Ru
Sif Muna
Trog
Uskayaw
Vehumet
Wu Jian
Xom
Yredelemnul
Zin
The Shining One
Jiyva

Shops:
D:2 (   D:3 (   D:7 !   D:8 ?   D:10 (

Portals:
Trove: D:11 (show slimy rune of Zot)

Annotations:
D:2 Terence
D:3 1 runed translucent door, exclusion: door, Crazy Yiuf
D:10 3 transporters Gauntlet 9 transporters


Innate Abilities, Weirdness & Mutations

You have sharp claws.
You have razor-sharp teeth.
You have supernaturally acute eyesight. (SInv)
You cover ground quickly. (Speed+)
Your thick and shaggy fur keeps you warm. (AC +3, rC+)
Your paws help you pounce on unaware monsters.
You are incapable of wielding weapons or throwing items.
You cannot wear armour.
You gain extra lives every three experience levels.


Message History

Press: ? - help, Dir - move target, f - death yak
Aim: a death yak You enter into single combat with the death yak!
You enter Okawaru's Arena!
The spectator shouts!
Found a gate leading back out of this place.
There is an empty arch of ancient stone here.
You barely miss the death yak.
The spectator shouts! x5
You bite the death yak.
The death yak is lightly wounded.
The death yak completely misses you.
You claw the death yak! You claw the death yak.
You bite the death yak, but do no damage.
The death yak is lightly wounded.
You scratch the death yak.
You bite the death yak, but do no damage.
The death yak is moderately wounded.
You barely miss the death yak.
You claw the death yak, but do no damage.
The death yak is moderately wounded.
The death yak completely misses you.
You claw the death yak!
The death yak is moderately wounded.
You claw the death yak!
The death yak is heavily wounded.
You barely miss the death yak.
The death yak is heavily wounded.
The death yak barely misses you.
You scratch the death yak.
The death yak is heavily wounded.
You scratch the death yak. You claw the death yak!
Your bite misses the death yak.
The death yak is heavily wounded.
You scratch the death yak but do no damage.
The death yak is heavily wounded.
You howl as the wereblood boils in your veins!
The death yak gores you!
You die...
Okawaru crowns the death yak victorious!

#########
#.▓...▓.#
#.▓.8.▓p#
#.▓...▓▓#
#.▓...▓.#
#p▓...▓p#
#p▓...▓▓#
#▓▓.@.▓∩#
#p▓..Y▓▓#
#p▓...▓p#
#.▓...▓.#
#.▓...▓▓#
#.▓.8.▓p#
#.▓...▓.#
#########


You could see a death yak.

Vanquished Creatures
  Gastronok (D:10)
  Snorg (D:10)
  Fannar (D:11)
  A ghost crab (Gauntlet)
  A two-headed ogre (D:11)
  3 death yaks
  2 swamp dragons (Lair:1)
  Pikel (D:8)
  An orc knight (D:10)
  A necromancer (Arena)
  An elephant (Lair:1)
  A guardian serpent (D:11)
  A manticore (D:11)
  Maurice (D:10)
  A black mamba (Lair:1)
  4 cane toads
  A gargoyle (D:11)
  Maggie (D:6)
  6 komodo dragons
  2 trolls
  A queen bee (D:9)
  Grinder (D:6)
  3 hornets
  13 blink frogs
  A snapping turtle (Lair:2)
  2 vampires (D:11)
  Sigmund (D:3)
  A shadow (D:10)
  4 wyverns
  30 yaks
  4 vampire mosquitoes (Lair:1)
  3 steam dragons
  Grum (D:8)
  6 basilisks
  8 water moccasins
  4 orc warriors
  A swamp drake (Lair:1)
  A sky beast (D:6)
  8 black bears
  An ice beast (D:7)
  5 wolves
  4 centaurs
  An ogre (D:4)
  4 lemures (D:8)
  A phantom (D:6)
  4 kobold brigands
  Blork the orc (D:6)
  4 necrophages
  10 scorpions
  9 bullfrogs
  4 gnoll sergeants
  8 wights
  48 killer bees
  3 electric eels (Lair:2)
  8 howler monkeys
  16 hounds
  6 orc priests
  3 jellies
  5 gnoll boudas
  Natasha (D:4)
  2 iguanas (D:5)
  9 orc wizards
  19 gnolls
  10 adders
  A white imp (D:6)
  3 ufetubi
  2 worms
  3 dart slugs
  32 orcs
  7 endoplasms
  4 giant cockroaches
  2 goblins
  7 hobgoblins
  2 jackals
  25 kobolds
  2 quokkas
  4 ball pythons
  10 bats
  A frilled lizard (D:3)
  5 rats
421 creatures vanquished.

Vanquished Creatures (others)
  An orc (D:4)
  18 fungi
  23 plants
42 creatures vanquished.

Grand Total: 463 creatures vanquished

Notes
Turn   | Place    | Note
-------+----------+-------------------------------------------
     0 | D:1      | concernfroge the Felid Transmuter began the quest for the
                  | Orb.
     0 | D:1      | Reached XP level 1. HP: 9/9 MP: 4/4
   248 | D:1      | Reached skill level 1 in Stealth
   248 | D:1      | Reached XP level 2. HP: 2/12 MP: 6/6
   763 | D:1      | Learned a level 2 spell: Wereblood
  1033 | D:2      | Found the amulet of Elemental Vulnerability {rPois rF--
                  | rC-- AC+8}
  1108 | D:2      | Found a faded altar of an unknown god.
  1157 | D:2      | Found Cuuw's Weapon Shop.
  1178 | D:2      | Reached XP level 3. HP: 3/15 MP: 5/7
  1427 | D:2      | Noticed Terence
  1468 | D:3      | Learned a level 3 spell: Spider Form
  1685 | D:3      | Found Viodeor's Antique Weapon Shoppe.
  1717 | D:3      | Noticed a scorpion
  1730 | D:3      | Killed a scorpion
  1731 | D:3      | Reached skill level 3 in Transmutations
  1731 | D:3      | Reached skill level 1 in Poison Magic
  1731 | D:3      | Reached XP level 4. HP: 12/19 MP: 2/8
  1865 | D:3      | Found a runed translucent door.
  1866 | D:3      | Noticed Crazy Yiuf
  2055 | D:3      | Slain by a worm
  2056 | D:3      | Reached XP level 3. HP: -2/15 MP: 4/7
  2058 | D:3      | Identified the +8 sling "Zonurej" {speed, Dex+3 Stlth+}
  2092 | D:3      | Reached XP level 4. HP: 17/19 MP: 2/8
  2227 | D:3      | Noticed Sigmund
  2237 | D:3      | Killed Sigmund
  2238 | D:3      | Reached XP level 5. HP: 17/22 MP: 5/9
  2341 | D:3      | Found a faded altar of an unknown god.
  2344 | D:3      | Found a hazy altar of Hepliaklqana.
  2764 | D:3      | Gained mutation: You are covered in thick fur. (AC +2)
                  | [Felid growth]
  2764 | D:3      | Reached XP level 6. HP: 25/25 MP: 6/10
  2899 | D:4      | Noticed Natasha
  2969 | D:4      | Reached skill level 4 in Transmutations
  3091 | D:4      | Noticed an orc warrior
  3095 | D:4      | Killed an orc warrior
  3096 | D:4      | Reached skill level 5 in Dodging
  3096 | D:4      | Reached XP level 7. HP: 15/28 MP: 3/11
  3367 | D:4      | Reached skill level 5 in Stealth
  3671 | D:4      | Reached skill level 5 in Unarmed Combat
  3741 | D:4      | Reached skill level 5 in Transmutations
  3951 | D:4      | Killed Natasha
  3952 | D:4      | Reached XP level 8. HP: 32/32 MP: 7/12
  4788 | D:4      | Learned a level 4 spell: Ice Form
  4808 | D:5      | Entered Level 5 of the Dungeon
  4949 | D:5      | Reached skill level 1 in Ice Magic
  5180 | D:5      | Found a staircase to the Ecumenical Temple.
  5188 | Temple   | Entered the Ecumenical Temple
  5361 | Temple   | Became a worshipper of Warmaster Okawaru
  5682 | D:5      | Reached skill level 1 in Invocations
  6412 | D:5      | Found the +7 Singing Sword {vorpal, sonic wave}
  6607 | D:4      | Reached skill level 6 in Transmutations
  6607 | D:4      | Reached XP level 9. HP: 30/35 MP: 8/13
  6612 | D:4      | Reached * piety under Okawaru
  6695 | D:6      | Noticed Maggie
  6708 | D:6      | Killed Maggie
  6952 | D:6      | Noticed Grinder
  6963 | D:6      | Killed Grinder
  6963 | D:6      | Reached ** piety under Okawaru
  7078 | D:6      | Noticed Blork the orc
  7089 | D:6      | Killed Blork the orc
  7127 | D:6      | Found a hide-covered altar of Uskayaw.
  7129 | D:6      | Found an opulent altar of Gozag.
  7284 | D:6      | Reached skill level 5 in Poison Magic
  7630 | D:7      | Reached *** piety under Okawaru
  7631 | D:7      | Reached XP level 10. HP: 35/39 MP: 10/14
  7775 | D:7      | Reached skill level 7 in Transmutations
  8410 | D:7      | Found Zyceg's Distillery.
  8413 | D:7      | Bought a potion of flight for 33 gold pieces
  8413 | D:7      | Bought a potion of attraction for 33 gold pieces
  8456 | D:7      | Found a stormy altar of Qazlal.
  8584 | D:7      | Found an ornate altar of the Wu Jian Council.
  8901 | D:8      | Killed from afar by a steam dragon
  8902 | D:8      | Reached XP level 9. HP: -2/35 MP: 10/13
  8961 | D:8      | Reached **** piety under Okawaru
  9048 | D:8      | Noticed Pikel
  9060 | D:8      | Killed Pikel
  9162 | D:8      | Reached XP level 10. HP: 18/39 MP: 11/15
  9232 | D:8      | Learned a level 5 spell: Blade Hands
  9474 | D:8      | Found a staircase to the Lair.
  9653 | D:8      | Noticed Grum
  9668 | D:8      | Killed Grum
  9668 | D:8      | Reached ***** piety under Okawaru
 10164 | D:8      | Found a glowing golden altar of the Shining One.
 10165 | D:8      | Found a glowing silver altar of Zin.
 10166 | D:8      | Found a white marble altar of Elyvilon.
 10414 | D:8      | Found Hoepagia's Magic Scroll Shop.
 10423 | D:8      | Bought a scroll of fog for 48 gold pieces
 10423 | D:8      | Bought a scroll of identify for 24 gold pieces
 10423 | D:8      | Bought a scroll of teleportation for 36 gold pieces
 10423 | D:8      | Bought a scroll of identify for 24 gold pieces
 10425 | D:8      | Bought a scroll of teleportation for 36 gold pieces
 10425 | D:8      | Bought a scroll of teleportation for 36 gold pieces
 10460 | D:7      | Bought a potion of curing for 33 gold pieces
 10460 | D:7      | Bought a potion of curing for 33 gold pieces
 10611 | D:9      | Reached skill level 5 in Invocations
 10641 | D:9      | Reached skill level 8 in Transmutations
 10758 | D:9      | Reached skill level 10 in Stealth
 11004 | D:9      | Reached skill level 10 in Dodging
 11280 | D:9      | Found a sacrificial altar of Ru.
 11337 | D:9      | Found a burning altar of Makhleb.
 11575 | D:9      | Identified the +1 helmet "Pewalimm" {Rampage rPois rF-
                  | SInv}
 11609 | D:9      | Reached XP level 11. HP: 42/42 MP: 13/18
 11751 | D:9      | Found a broken altar of Ashenzari.
 11811 | D:9      | Reached ****** piety under Okawaru
 12041 | D:10     | Entered Level 10 of the Dungeon
 12108 | D:10     | Noticed Maurice
 12108 | D:10     | Noticed Snorg
 12198 | D:10     | Found a transporter.
 12200 | D:10     | Found a transporter.
 12201 | D:10     | Found a transporter.
 12202 | D:10     | Found a transporter.
 12236 | D:10     | Noticed an orc knight
 12257 | D:10     | Killed an orc knight
 12258 | D:10     | Reached skill level 9 in Transmutations
 12265 | D:10     | Killed Snorg
 12308 | D:10     | Found Xueto's Weapon Boutique.
 12319 | D:10     | HP: 1/42 [Maurice/iceblast (18)]
 12321 | D:10     | Killed Maurice
 12497 | D:10     | Found a staircase to the Orcish Mines.
 12743 | D:10     | Noticed Gastronok
 12768 | D:10     | Killed Gastronok
 13304 | D:11     | Noticed a two-headed ogre
 13320 | D:11     | Killed a two-headed ogre
 13321 | D:11     | Reached skill level 10 in Transmutations
 13477 | D:11     | Noticed Fannar
 13490 | D:11     | Slain by a manticore
 13491 | D:11     | Reached XP level 10. HP: -3/46 MP: 17/17
 13526 | D:11     | Killed a manticore
 13582 | D:11     | Killed a gargoyle
 13609 | D:11     | Killed Fannar
 13610 | D:11     | Reached skill level 10 in Unarmed Combat
 13610 | D:11     | Reached XP level 11. HP: 42/42 MP: 3/18
 14209 | D:11     | Found a portal to a secret trove of treasure.
 14499 | Lair:1   | Entered Level 1 of the Lair of Beasts
 14929 | Lair:1   | Reached skill level 11 in Transmutations
 14934 | Lair:1   | Noticed a swamp dragon
 14936 | Lair:1   | Noticed a swamp dragon
 14955 | Lair:1   | Killed a swamp dragon
 14962 | Lair:1   | Killed a swamp dragon
 16555 | Lair:2   | Found a staircase to the Snake Pit.
 16707 | Lair:2   | Reached skill level 12 in Transmutations
 16707 | Lair:2   | Gained mutation: Your thick and shaggy fur keeps you warm.
                  | (AC +3, rC+) [Felid growth]
 16707 | Lair:2   | Reached XP level 12. HP: 40/45 MP: 6/20
 17331 | Lair:2   | Reached skill level 10 in Invocations
 17483 | Lair:2   | Found a staircase to the Shoals.
 18923 | Arena    | Entered the Arena
 19217 | Lair:4   | Found a gate leading to a gauntlet.
 19300 | Lair:4   | Found a viscous altar of Jiyva.
 19343 | Gauntlet | Entered a Gauntlet
 19343 | Gauntlet | Found a transporter.
 19352 | Gauntlet | Found a transporter.
 19368 | Gauntlet | Found a transporter.
 19372 | Gauntlet | Found a transporter.
 19380 | Gauntlet | Noticed a ghost crab
 19382 | Gauntlet | Found a transporter.
 19399 | Gauntlet | Noticed a blizzard demon
 19407 | Gauntlet | Found a transporter.
 19411 | Gauntlet | Found a transporter.
 19424 | Gauntlet | Found a transporter.
 19434 | Gauntlet | Found a transporter.
 19438 | Gauntlet | Noticed a death yak
 19438 | Gauntlet | Noticed a death yak
 19439 | Gauntlet | Noticed a death yak
 19447 | Gauntlet | Noticed a death yak
 19447 | Gauntlet | Noticed a death yak
 19448 | Gauntlet | Noticed a death yak
 19453 | Gauntlet | Found a transporter.
 19457 | Gauntlet | Found a transporter.
 19459 | Gauntlet | Noticed a ghost crab
 19468 | Gauntlet | Found a transporter.
 19479 | Gauntlet | Noticed a blizzard demon
 19512 | Gauntlet | Killed a ghost crab
 19515 | Gauntlet | Identified the ring of Beogh's Indignation {rPois rCorr
                  | Dex+3 SInv Stlth-}
 19529 | Arena    | Entered the Arena
 19551 | Arena    | Entered the Arena
 19556 | Arena    | Killed a death yak
 19575 | Arena    | Entered the Arena
 19582 | Arena    | Killed a death yak
 19610 | Gauntlet | Killed a death yak
 19611 | Arena    | Entered the Arena
 19621 | Arena    | Slain by a death yak

Illustrated notes

Levels and vault maps discovered:
D:1:      dpeg_arrival_ternary, layout_rooms
D:2:      layout_loops_cross, serial_shops, shop, shop,
          chequers_ecumenical_altar_twisty, uniq_terence, uniq_jessica
D:3:      layout_loops_cross, beargit_hepliaklqana_dungeon_heroes, serial_shops,
          nicolae_shop_trees, uniq_sigmund, uniq_crazy_yiuf_cottage
D:4:      minmay_opposing_rooms, layout_layer_cave, uniq_natasha
D:5:      old_forge, layout_basic, minmay_temple_entry_water_ring,
          serial_rivers, chequers_serial_rivers_micro_b,
          chequers_serial_rivers_room_b, chequers_serial_rivers_room_b,
          chequers_serial_rivers_large_a, chequers_serial_rivers_micro_c,
          chequers_serial_rivers_micro_c, corexii_shack,
          nicolae_fountain_basement
D:6:      layout_basic, mainiacjoe_overflow_brackets,
          mainiacjoe_overflow_alcove_2, minmay_checkerbox, uniq_grinder,
          uniq_blork_the_orc, uniq_maggie
D:7:      minmay_spotlight, layout_basic, mainiacjoe_overflow_big_doors,
          serial_shops, nicolae_shop_behind_doors
D:8:      layout_cave_pools, dreamdust_divine_triumvirate, lair_entry_dummy,
          serial_gnoll_camp, gnoll_camp_mini_basic, gnoll_camp_mini_hut,
          grums_kennel, gnoll_camp_huts_basic, serial_shops,
          nicolae_lakefront_shop, uniq_pikel
D:9:      layout_roguey, nicolae_ru_the_path_less_chosen, lemuel_round_altar,
          lemuel_tele_altar, special_room [special_room_bee]
D:10:     layout_rooms, orc_david_3, nicolae_diode_quadrants, uniq_snorg,
          uniq_maurice, uniq_gastronok
D:11:     layout_irregular_city, nicolae_trove_entry_columns,
          nrook_guardian_serpent_ordinary, uniq_fannar
Temple:   nicolae_temple_bog_church
Lair:1:   layout_regular_city, pond, wad_woods_river_01
Lair:2:   layout_chaotic_city, minmay_shoals_entry_hut, dummy_snake_entry
Lair:3:   layout_layer_cave
Lair:4:   layout_regular_city, minmay_slime_entry_oklob_enclosed,
          gauntlet_entry_generic, wad_woods_03
Gauntlet: minmay_gauntlet_mixed_oops_all_seconds
          [minmay_gauntlet_arena_77_squiggly, gammafunk_gauntlet_arena_open,
          minmay_gauntlet_arena_77_fan, gammafunk_gauntlet_arena_split_diamond,
          minmay_gauntlet_arena_77_radiant_squares,
          nicolae_gauntlet_arena_quarters, gauntlet_exit_hidden_loot]
Arena

Skill      XL: |  1  2  3  4  5  6  7  8  9 10 11 12 |
---------------+-------------------------------------+-----
Dodging        | 3 4 5 6 7 9 10 11 | 11.6
Stealth        | 1 2 3 4 5 7 8 10 11 | 11.8
Transmutations | 3 4 5 6 8 12 | 12.0
Poison Magic   | 1 2 3 4 5 |  5.2
Unarmed Combat | 4 5 6 10 9 | 10.9
Ice Magic      | 1 3 |  3.5
Invocations    | 1 3 8 9 10 | 10.5
Spellcasting   | 3 4 |  4.0
Fighting       | |  1.0

Action                   |  1- 3 |  4- 6 |  7- 9 | 10-12 || total
-------------------------+-------+-------+-------+-------++-------
Melee: Unarmed           |    69 |    64 |   487 |   816 ||  1436
       Bite              |     6 |     1 |     2 |    57 ||    66
       Headbutt          |     6 |     7 |       |       ||    13
       Punch             |     1 |       |     1 |    34 ||    36
 Cast: Beastly Appendage |     5 |     6 |       |       ||    11
       Wereblood         |     3 |     7 |    37 |    62 ||   109
       Spider Form       |     1 |     6 |    43 |    31 ||    81
       Ice Form          |       |       |       |    13 ||    13
       Blade Hands       |       |       |       |    28 ||    28
Invok: Heroism           |       |       |     2 |    15 ||    17
       Finesse           |       |       |       |    10 ||    10
       Duel              |       |       |       |     5 ||     5
Evoke: Wand              |       |     1 |       |    20 ||    21
  Use: Potion            |     1 |     1 |     4 |    21 ||    27
       Scroll            |       |     4 |     1 |    17 ||    22
 Stab: Sleeping          |     2 |       |    16 |    16 ||    34
       Distracted        |       |     1 |       |     2 ||     3
       Invisible         |       |     4 |       |    20 ||    24
Armor: Skin              |    10 |     4 |    56 |    69 ||   139
Dodge: Dodged            |    65 |    42 |   509 |   737 ||  1353
